 Dungeon Crawl Stone Soup version 0.30-a0-743-gbfdf073431 (webtiles) character file.

Game seed: 976992376844687102

2042478 freelancePsychic the Crack Shot (level 25, 212/212 (215) HPs)
             Began as a Demonspawn Hunter on Feb 7, 2023.
             Was the Champion of Dithmenos.
             Escaped with the Orb
             ... and 3 runes!
             The game lasted 01:38:49 (46073 turns).

freelancePsychic the Crack Shot (DsHu)             Turns: 46073, Time: 01:38:49

HP:   212/212 (215) AC: 32    Str: 15    XL:     25   Next: 36%
MP:   32/32         EV: 44    Int: 10    God:    Dithmenos [******]
Gold: 2129          SH:  4    Dex: 36    Spells: 23/24 levels left

rFire   + . .      SeeInvis .    a - +9 longbow (heavy)
rCold   + + +      Faith    .    (shield currently unavailable)
rNeg    . . .      Spirit   +    M - +4 troll leather armour
rPois   +          Reflect  .    f - +2 helmet
rElec   +          Harm     .    o - +1 cloak of Distant Shores {Rampage rElec Regen+ Dex+3}
rCorr   +          Rampage  +    (gloves unavailable)
Will    +....                    t - +2 pair of boots
Stlth   +++                      l - amulet "Guttalua" {Spirit rC+++ rCorr Str+3 Dex-2}
HPRegen 2.15/turn                d - +6 ring of dexterity
MPRegen 0.23/turn                V - ring of the Scavenger {rF+ EV+5}

@: wreathed by umbra, studying 2 skills, lightly drained
A: claws 3, thin metallic scales 3, icemail 2, powered by pain 3, black mark,
condensation shield, bedeviling, hooves 1, cold resistance 1, poison resistance,
inability to read after injury 1
0: Orb of Zot
}: 3/15 runes: decaying, abyssal, gossamer
a: Renounce Religion, Shadow Step, Shadow Form


You escaped.
You worshipped Dithmenos.
Dithmenos was exalted by your worship.
You visited 9 branches of the dungeon, and saw 46 of its levels.
You visited the Abyss 1 time.
You also visited: Bailey, Gauntlet, Ice Cave, Volcano and Wizlab.

You collected 6138 gold pieces.
You spent 4009 gold pieces at shops.

Inventory:

Hand Weapons
 a - a +9 heavy longbow (weapon)
 b - a +0 heavy hand crossbow
Missiles
 N - a throwing net
Armour
 f - a +2 helmet (worn)
 o - the +1 cloak of Distant Shores (worn) {Rampage rElec Regen+ Dex+3}
   (You found it in a wizard's laboratory)

   Dex:       It affects your dexterity (+3).
   rElec:     It insulates you from electricity.
   Regen:     It increases your rate of health regeneration.
   Rampage:   It bestows one free step when moving towards enemies.
 t - a +2 pair of boots (worn)
 M - a +4 troll leather armour (worn)
Jewellery
 d - a +6 ring of dexterity (left claw)
 i - an amulet of guardian spirit
 l - the amulet "Guttalua" (around neck) {Spirit rC+++ rCorr Str+3 Dex-2}
   (You found it in a Gauntlet)

   [amulet of guardian spirit]

   It causes incoming damage to be divided between your reserves of health and
   magic.
   Str:       It affects your strength (+3).
   Dex:       It affects your dexterity (-2).
   rC:        It renders you almost immune to cold.
   rCorr:     It protects you from acid and corrosion.
 D - the ring "Wousum" {rCorr MP+9 Int+3}
   (You found it in an ice cave)

   [ring of magical power]

   Int:       It affects your intelligence (+3).
   MP:        It affects your magic capacity (+9).
   rCorr:     It protects you from acid and corrosion.
 I - the amulet of Koqaubit {RegenMP Dex+3}
   (You found it on level 1 of the Realm of Zot)

   [amulet of magic regeneration]

   It increases your rate of magic regeneration.
   Dex:       It affects your dexterity (+3).
 V - the ring of the Scavenger (right claw) {rF+ EV+5}
   (You found it on level 3 of the Elven Halls)

   [ring of evasion]

   EV:        It affects your evasion (+5).
   rF:        It protects you from fire.
 Z - a ring of protection from fire
Wands
 r - a wand of flame (73)
 x - a wand of paralysis (37)
 B - a wand of roots (48)
 P - a wand of mindburst (35)
 X - a wand of light (23)
Scrolls
 c - 4 scrolls of enchant weapon
 j - 9 scrolls of blinking
 n - 13 scrolls of noise
 q - 8 scrolls of fog
 s - 11 scrolls of amnesia
 w - 36 scrolls of identify {@r1}
 F - 23 scrolls of teleportation {@r4}
 G - 8 scrolls of enchant armour
 H - 5 scrolls of summoning
 O - 5 scrolls of immolation
 R - 2 scrolls of poison
 T - 3 scrolls of silence
 Y - 7 scrolls of fear
Potions
 e - 15 potions of curing {@q1}
 g - 19 potions of heal wounds {@q2}
 h - 8 potions of attraction
 k - 7 potions of cancellation
 m - 9 potions of lignification
 p - 2 potions of resistance
 u - 5 potions of degeneration
 v - 8 potions of might
 z - 8 potions of flight
 A - 2 potions of haste {@q3}
 C - 11 potions of magic
 E - 10 potions of ambrosia
 K - 3 potions of invisibility
 L - 10 potions of brilliance
 U - a potion of mutation
 W - 2 potions of berserk rage
Miscellaneous
 y - a tin of tremorstones (2/2)
 J - a phantom mirror
 Q - a phial of floods
 S - a condenser vane


   Skills:
 + Level 21.4 Fighting
 - Level 22.0 Ranged Weapons
 - Level 12.8 Armour
 + Level 20.5 Dodging
 - Level 8.1 Stealth
 - Level 12.8 Invocations
 - Level 20.2 Evocations


You had 23 spell levels left.
You knew the following spells:

 Your Spells              Type           Power      Damage    Failure   Level
a - Apportation           Tloc           0%         N/A       41%         1

Your spell library contained the following spells:

 Spells                   Type           Power      Damage    Failure   Level
 Freeze                   Ice            0%         1d3       41%         1
 Magic Dart               Conj           0%         1d3       41%         1
 Necrotise                Necr           0%         1d4       41%         1
 Sandblast                Erth           0%         2d4       41%         1
 Sting                    Tmut/Pois      0%         1d3       41%         1
 Summon Small Mammal      Summ           0%         N/A       41%         1
 Blink                    Tloc           0%         N/A       54%         2
 Call Imp                 Summ           0%         N/A       54%         2
 Cigotuvi's Dreadful Rot  Necr/Pois/Air  0%         N/A       54%         2
 Ensorcelled Hibernation  Hex/Ice        0%         N/A       54%         2
 Lesser Beckoning         Tloc           0%         N/A       54%         2
 Momentum Strike          Conj/Tloc      0%         3d8       54%         2
 Passwall                 Tmut/Erth      0%         N/A       54%         2
 Poisonous Vapours        Pois/Air       0%         N/A       54%         2
 Searing Ray              Conj           0%         2d4       54%         2
 Sublimation of Blood     Necr           0%         N/A       54%         2
 Wereblood                Tmut           0%         N/A       54%         2
 Call Canine Familiar     Summ           0%         N/A       78%         3
 Frozen Ramparts          Ice            0%         1d1       78%         3
 Hailstorm                Conj/Ice       0%         3d3       78%         3
 Ignite Poison            Fire/Tmut/Pois 0%         N/A       78%         3
 Inner Flame              Hex/Fire       0%         N/A       78%         3
 Mephitic Cloud           Conj/Pois/Air  0%         N/A       78%         3
 Ozocubu's Armour         Ice            0%         N/A       78%         3
 Spider Form              Tmut/Pois      0%         N/A       78%         3
 Stone Arrow              Conj/Erth      0%         3d7       78%         3
 Summon Guardian Golem    Hex/Summ       0%         N/A       78%         3
 Vampiric Draining        Necr           0%         2d6       78%         3
 Airstrike                Air            0%         2d(0-16)  99%         4
 Anguish                  Hex/Necr       0%         N/A       99%         4
 Animate Armour           Summ/Erth      0%         N/A       99%         4
 Cause Fear               Hex            0%         N/A       99%         4
 Dispel Undead            Necr           0%         3d6       99%         4
 Flame Wave               Conj/Fire      0%         2d4       99%         4
 Fulminant Prism          Conj/Hex       0%         3d5       99%         4
 Ice Form                 Ice/Tmut       0%         N/A       99%         4
 Manifold Assault         Tloc           0%         N/A       99%         4
 Olgreb's Toxic Radiance  Pois           0%         N/A       99%         4
 Passage of Golubria      Tloc           0%         N/A       99%         4
 Sticky Flame             Conj/Fire      0%         2d3       99%         4
 Summon Ice Beast         Ice/Summ       0%         N/A       99%         4
 Summon Lightning Spire   Summ/Air       0%         N/A       99%         4
 Alistair's Intoxication  Tmut/Pois      0%         N/A       100%        5
 Blade Hands              Tmut           0%         N/A       100%        5
 Borgnjor's Vile Clutch   Necr/Erth      0%         N/A       100%        5
 Freezing Cloud           Conj/Ice/Air   0%         6-21      100%        5
 Iskenderun's Battlesphe  Conj           0%         2d6       100%        5
 Lightning Bolt           Conj/Air       0%         1d11      100%        5
 Metabolic Englaciation   Hex/Ice        0%         N/A       100%        5
 Silence                  Hex/Air        0%         N/A       100%        5
 Summon Forest            Summ/Tloc      0%         N/A       100%        5
 Summon Mana Viper        Hex/Summ       0%         N/A       100%        5
 Yara's Violent Unravell  Hex/Tmut       0%         3d3       100%        5
 Death Channel            Necr           0%         N/A       100%        6
 Dispersal                Tloc           0%         N/A       100%        6
 Eringya's Noxious Bog    Tmut/Pois      0%         N/A       100%        6
 Iron Shot                Conj/Erth      0%         9d1       100%        6
 Simulacrum               Ice/Necr       0%         N/A       100%        6
 Haunt                    Necr/Summ      0%         N/A       100%        7
 Malign Gateway           Summ/Tloc      0%         N/A       100%        7
 Monstrous Menagerie      Summ           0%         N/A       100%        7
 Orb of Destruction       Conj           0%         9d5       100%        7
 Ozocubu's Refrigeration  Ice            0%         4d7       100%        7
 Spellforged Servitor     Conj/Summ      0%         N/A       100%        7
 Storm Form               Tmut/Air       0%         N/A       100%        7
 Summon Hydra             Summ           0%         N/A       100%        7
 Discord                  Hex            0%         N/A       100%        8
 Disjunction              Tloc           0%         N/A       100%        8
 Ignition                 Fire           0%         3d3       100%        8
 Lehudib's Crystal Spear  Conj/Erth      0%         10d2      100%        8
 Maxwell's Capacitive Co  Air            0%         ∞         100%        8
 Necromutation            Tmut/Necr      0%         N/A       100%        8
 Summon Horrible Things   Summ           0%         N/A       100%        8
 Polar Vortex             Ice            0%         N/A       100%        9


Dungeon Overview and Level Annotations

Branches:
Dungeon (15/15)            Temple (0/1) D:5            Lair (5/5) D:11
  Swamp (4/4) Lair:3       Spider (4/4) Lair:3        Slime (0/5) Lair:5
    Orc (2/2) D:12            Elf (3/3) Orc:2        Vaults (4/5) D:14
  Crypt (0/3) Vaults:2     Depths (4/4) D:15            Zot (5/5) Depths:4
 Bailey (visited)           IceCv (visited)         Volcano (visited)
 WizLab (visited)         Gauntlet (visited)

Altars:
Dithmenos
Fedhas
Gozag
Kikubaaqudgha
Makhleb
Nemelex Xobeh
Okawaru
Qazlal
Sif Muna
Vehumet
Wu Jian
Xom
Yredelemnul

Shops:
D:6 *   D:7 [   D:8 =   D:12 *   D:14 ?   D:15 [   Orc:1 [:   Orc:2 (**?
Elf:2 ?[:=:=([   Vaults:1 *

Portals:
Hell: Depths:1 Depths:3 Depths:4
Abyss: Lair:1 Depths:3 Depths:4
Ziggurat: Depths:2

Annotations:
D:4 Eustachio
D:7 3 runed translucent doors
D:10 2 transporters, baller8008's ghost, journeyman DECj
D:11 Erolcha
D:15 Roxanne
Lair:1 2 transporters, jr88keys's ghost, journeyman MiFi
Lair:2 Amaemon
Lair:5 1 runed translucent door
Swamp:3 3 runed translucent doors, Naurph's ghost, adept DjVM
Elf:2 3 runed translucent doors
Vaults:4 3 runed translucent doors, Lobster4's ghost, adept HOFi
Depths:1 exclusion: obsidian statue


Innate Abilities, Weirdness & Mutations

You have claws for hands.
You are completely covered in thin metallic scales. (AC +4, rElec)
A meltable icy envelope protects you from harm. (AC +8)
You are powered by pain.
Your melee attacks may debilitate your foes.
A meltable shield of frost defends you. (SH +4)
Your hexes are more powerful.
You have large cloven feet.
Your flesh is cold resistant. (rC+)
Your system is resistant to poisons. (rPois)
You occasionally lose the ability to read scrolls when taking damage.


Message History

The large abomination is almost destroyed.
You shoot an arrow. The arrow hits the large abomination!
You destroy the large abomination!
Dithmenos accepts your kill.
Your shadow shoots an arrow.
No target in view!
There is a stone staircase leading up here.
You climb upwards.
There is a stone staircase leading down here.
(D) Dungeon (T) Temple (L) Lair (S) Swamp (N) Spider Nest (M) Slime Pits (O) Orcish Mines (E) Elven Halls (V) Vaults (C) Crypt (U) Depths (H) Hell (Z) Zot
Where to? (Enter - D:1 @ (x,y), ? - help)
A tormentor comes into view.
You shoot an arrow. The arrow hits the tormentor!!
The tormentor is heavily wounded.
You shoot an arrow. The arrow hits the tormentor!!!
You kill the tormentor!
Dithmenos accepts your kill.
No target in view!
No target in view!
(D) Dungeon (T) Temple (L) Lair (S) Swamp (N) Spider Nest (M) Slime Pits (O) Orcish Mines (E) Elven Halls (V) Vaults (C) Crypt (U) Depths (H) Hell (Z) Zot
Where to? (Enter - D:1 @ (x,y), ? - help)
There is a stone staircase leading up here.
You climb upwards.
There is a stone staircase leading down here.
There is a stone staircase leading up here.
You climb upwards.
There is a stone staircase leading down here.
You see here a +0 dagger.
You open the door.
There is an open door here.
There is an open door here.
There is a staircase leading out of the dungeon here.
Unknown command.
You have escaped!

#...######.### #.##.#.#....#.##.
#...# #.# #......#.##.#.##. #...#
#.#########........#.##. #...#
#............#..####.##' #...#
##...#####...#..#.....). #...#
#...#...#...#>.#....... #...#
#.###.♣.###.#..#[......
#...#######.#....(..#.#..#.......
###......##.+.♣.@.♣.'.#..........
######...##.#.......#.#.##...####
.........##.###.♣.###.#.##...#
#####.....#...#...#...#.######
#.........#####...#.#########
#....#............#..........
#....#............##..#######
#.##############.....##
#....).............>##


There were no monsters in sight!

Vanquished Creatures
  4 orbs of fire
  Mara (Elf:3)
  Bai Suzhen (Depths:1)
  Boris (thrice) (Vaults:2 Depths:1 Depths:4)
  A Killer Klown (Zot:2)
  5 caustic shrikes
  Saint Roka (Depths:1)
  A curse toe (Zot:4)
  3 golden dragons
  A bone dragon (Depths:4)
  Hellbinder (WizLab)
  2 electric golems
  Jorgrun (Spider:2)
  Rupert (D:14)
  12 tentacled monstrosities
  Zenata (Vaults:4)
  A Hell Sentinel (Depths:1)
  3 liches
  4 Orb Guardians
  2 walking earthen tomes (Depths:3)
  2 deep elf blademasters (Elf:3)
  2 deep elf master archers (Elf:3)
  2 sphinxes
  7 quicksilver dragons
  10 death cobs
  2 tentacled starspawn
  Agnes (Spider:1)
  An Executioner (D:15)
  Gastronok (D:8)
  2 thorn hunters
  4 shadow dragons
  6 draconian monks
  A nagaraja (Abyss:3)
  8 storm dragons
  2 fire giants
  5 deep elf sorcerers
  3 emperor scorpions (Spider:4)
  2 iron dragons (Depths:3)
  18 vault wardens
  4 frost giants
  A daeva (D:15)
  5 ghost moths
  5 draconian knights
  9 draconian scorchers
  An orc warlord (Vaults:3)
  7 deep elf elementalists
  2 angels (Depths:2)
  7 draconian shifters
  2 cacodemons (WizLab)
  18 ironbound preservers
  A reaper (Depths:3)
  15 very ugly things
  7 draconian stormcallers
  3 broodmothers
  A war gargoyle (Vaults:4)
  9 stone giants
  2 draconian annihilators (Zot:2)
  3 vampire knights
  4 deep elf demonologists
  5 ironbound thunderhulks
  8 eleionomae
  Azrael (Spider:1)
  A demonspawn black sun (WizLab)
  4 dire elephants
  2 lorocyprocas (WizLab)
  10 red draconians
  6 green draconians
  9 spark wasps
  10 deep elf annihilators (Elf:3)
  19 black draconians
  10 white draconians
  11 yellow draconians
  A minotaur (Gauntlet)
  A blizzard demon (WizLab)
  7 bunyips
  A green death (WizLab)
  7 purple draconians
  2 crystal guardians (Vaults:3)
  9 deep elf death magi
  An ettin (Vaults:3)
  Josephine (Orc:2)
  13 yaktaur captains
  2 deep elf high priests (Elf:3)
  11 entropy weavers
  8 fire dragons
  A shambling mangrove (Swamp:2)
  17 vault guards
  6 great orbs of eyes
  A rakshasa (Depths:1)
  20 hydras
  A catoblepas (Lair:4)
  2 radroaches
  3 ogre magi
  Fannar (Lair:3)
  2 peacekeepers
  A hell beast (WizLab)
  3 spriggan air magi
  A death knight (D:14)
  A ghost crab (Swamp:1)
  5 ice dragons
  8 ironbound frosthearts
  A satyr (Abyss:3)
  14 centaur warriors
  7 alligators
  An alligator (shapeshifter) (Vaults:4)
  5 boulder beetles
  17 dancing weapons
  A death yak (Lair:4)
  A deep troll shaman (Depths:1)
  7 two-headed ogres
  2 thrashing horrors (Abyss:3)
  A hell hog (Depths:4)
  9 deep troll earth magi
  2 tengu warriors (D:15)
  A spriggan berserker (Depths:4)
  14 deep elf knights
  9 hell knights
  5 soul eaters
  2 fire crabs (Swamp:4)
  4 sun demons
  4 iron trolls
  5 pharaoh ants
  A wretched star (Gauntlet)
  A sixfirhy (Depths:1)
  4 skeletal warriors (D:13)
  5 sun moths
  56 deep trolls
  6 spriggan druids
  3 goliath frogs
  11 orb spiders
  A salamander mystic (Depths:4)
  6 deep elf archers
  3 orange crystal statues
  A flayed ghost (Depths:3)
  Pikel (D:7)
  6 bog bodies
  A shadow demon (WizLab)
  11 orc knights
  8 swamp dragons
  7 steelbarb worms
  11 wizards
  4 lindwurms
  11 ironbound convokers
  2 necromancers (Depths:3)
  5 starcursed masses
  38 deep elf pyromancers
  17 wolf spiders
  5 harpies (Vaults:1)
  30 deep elf zephyrmancers
  2 orc sorcerers
  3 will-o-the-wisps
  24 moths of wrath
  13 cyclopes
  A salamander (shapeshifter) (D:14)
  26 ugly things
  17 elephants
  5 toenail golems (Volcano)
  A worldbinder (Abyss:3)
  3 salamanders (Depths:4)
  A cyclops (shapeshifter) (Depths:4)
  9 demonic crawlers
  6 black mambas
  20 vault sentinels
  3 apocalypse crabs (Abyss:3)
  4 rust devils
  3 smoke demons
  2 gargoyles
  2 hellions
  6 storm dragon simulacra (IceCv)
  A rime drake (Lair:5)
  13 cane toads
  4 orange demons
  4 kobold demonologists
  An unseen horror (D:11)
  An efreet (D:15)
  A yaktaur (shapeshifter) (D:14)
  3 tormentors
  10 komodo dragons
  A komodo dragon (shapeshifter) (D:15)
  An ancient zyme (Abyss:3)
  2 freezing wraiths
  47 yaktaurs
  A tengu conjurer (D:14)
  8 ice devils
  5 golden dragon simulacra (IceCv)
  6 red devils
  6 meliai
  5 polar bears (Lair:5)
  Prince Ribbit (D:8)
  9 trolls
  27 hornets
  4 hellwings
  A wolf spider simulacrum (D:14)
  14 tyrant leeches
  A raiju (Abyss:3)
  Grinder (D:3)
  33 tarantellas
  18 jumping spiders
  15 blink frogs
  21 dream sheep
  21 slime creatures
  3 air elementals
  3 vampires
  30 spriggans
  27 culicivoras
  5 large abominations
  2 shadows (D:11)
  7 wraiths
  6 water elementals
  3 ynoxinuls
  2 basilisks
  4 wyverns
  36 yaks
  4 fire elementals
  4 fire bats (Swamp:4)
  59 redbacks
  4 steam dragons
  A human (D:14)
  4 neqoxecs
  3 wargs
  10 vampire mosquitoes
  12 swamp worms
  2 acid dragons
  14 water moccasins
  8 swamp drakes
  46 orc warriors
  5 hell hounds (Spider:1)
  A sky beast (D:8)
  3 black bears
  2 ice beasts
  4 ice dragon simulacra (IceCv)
  10 boggarts
  35 wolves
  21 centaurs
  8 ogres
  A phantom (D:6)
  17 kobold brigands
  4 lemures (D:7)
  13 bullfrogs
  5 earth elementals
  2 gnoll sergeants
  3 scorpions
  A wight (D:6)
  13 killer bees
  6 lindwurm simulacra (IceCv)
  2 electric eels (Spider:1)
  A howler monkey (D:12)
  A vampire bat (D:8)
  3 lava snakes (D:14)
  5 hounds
  15 orc priests
  2 gnoll boudas
  2 jellies (D:6)
  4 iguanas
  20 orc wizards
  Robin (D:3)
  15 gnolls
  6 adders
  3 shadow imps
  5 white imps
  2 ufetubi
  2 dart slugs (D:4)
  98 orcs
  5 ball pythons
  9 endoplasms
  6 giant cockroaches
  14 goblins
  6 hobgoblins
  A quokka (D:1)
  15 bats
  A frilled lizard (D:2)
  31 kobolds
  2 rats
  A butterfly (Lair:2)
  A fire vortex (Depths:4)
  A lurking horror (Abyss:3)
  A starspawn tentacle (Abyss:3)
2005 creatures vanquished.

Vanquished Creatures (collateral kills)
  Vv (Zot:3)
  A yellow draconian (Zot:3)
2 creatures vanquished.

Vanquished Creatures (others)
  A storm dragon (Zot:3)
  2 draconian knights
  A draconian shifter (Zot:3)
  A draconian stormcaller (Zot:1)
  A red draconian (Zot:3)
  A green draconian (Zot:3)
  A hydra (Swamp:4)
  A fire crab (Swamp:4)
  A deep elf zephyrmancer (Elf:3)
  A moth of wrath (Zot:3)
  A bloated husk (Swamp:1)
  A vampire mosquito (Swamp:1)
  A hell hound (Spider:1)
  3 swamp drakes (Swamp:4)
  An orc wizard (D:8)
  2 orcs
  2 demonic plants (Gauntlet)
  4 foxfires (Swamp:2)
  31 fungi
  27 plants
  3 starspawn tentacles
  A withered plant (Gauntlet)
88 creatures vanquished.

Grand Total: 2095 creatures vanquished

Notes
Turn   | Place    | Note
-------+----------+-------------------------------------------
     0 | D:1      | freelancePsychic the Demonspawn Hunter began the quest for
                  | the Orb.
     0 | D:1      | Reached XP level 1. HP: 16/16 MP: 1/1
    39 | D:1      | Reached skill level 1 in Stealth
   135 | D:1      | Gained mutation: You have sharp fingernails. [demonic
                  | ancestry]
   135 | D:1      | Reached XP level 2. HP: 22/22 MP: 2/2
   865 | D:2      | Gained mutation: A meltable shield of frost defends you.
                  | (SH +4) [demonic ancestry]
   865 | D:2      | Reached XP level 3. HP: 28/28 MP: 3/3
  1437 | D:3      | Noticed Grinder
  1516 | D:4      | Reached skill level 4 in Ranged Weapons
  1727 | D:4      | Gained mutation: You have very sharp fingernails. [demonic
                  | ancestry]
  1727 | D:4      | Reached XP level 4. HP: 30/34 MP: 4/4
  2132 | D:4      | Found a shadowy altar of Dithmenos.
  2135 | D:4      | Found a shimmering blue altar of Sif Muna.
  2178 | D:4      | Found an ancient bone altar of Kikubaaqudgha.
  2279 | D:4      | Noticed Eustachio
  2319 | D:4      | Became a worshipper of Dithmenos the Shadowed
  2459 | D:4      | Found a stormy altar of Qazlal.
  2459 | D:4      | Found a sparkling altar of Nemelex Xobeh.
  2537 | D:5      | Entered Level 5 of the Dungeon
  2559 | D:5      | Gained mutation: You sometimes gain a little power by
                  | taking damage. [demonic ancestry]
  2559 | D:5      | Reached XP level 5. HP: 41/41 MP: 5/5
  2880 | D:5      | Noticed an ice beast
  2890 | D:5      | Killed an ice beast
  2891 | D:5      | Reached XP level 6. HP: 48/48 MP: 6/6
  3139 | D:5      | Reached skill level 5 in Ranged Weapons
  3235 | D:5      | Gained mutation: You are partially covered in thin metallic
                  | scales. (AC +2) [demonic ancestry]
  3235 | D:5      | Reached XP level 7. HP: 53/55 MP: 7/7
  3420 | D:5      | Found a staircase to the Ecumenical Temple.
  3577 | D:6      | Found Gozag's Platinum Reserve.
  3583 | D:6      | Found an opulent altar of Gozag.
  3619 | D:6      | Reached * piety under Dithmenos
  3765 | D:6      | Found a shimmering altar of Xom.
  3868 | D:6      | Reached skill level 5 in Fighting
  3885 | D:6      | Noticed a hornet
  3895 | D:6      | Gained mutation: A meltable icy envelope protects you from
                  | harm. (AC +8) [demonic ancestry]
  3895 | D:6      | Reached XP level 8. HP: 36/63 MP: 8/8
  4177 | D:3      | Paralysed by Grinder for 2 turns
  4184 | D:3      | Killed Grinder
  4185 | D:3      | Reached skill level 6 in Ranged Weapons
  4434 | D:3      | Noticed Robin
  4456 | D:3      | Killed Robin
  4797 | D:6      | Killed a hornet
  4798 | D:6      | Reached skill level 5 in Dodging
  5099 | D:7      | Found Jikhlut's Armour Emporium.
  5121 | D:7      | Reached ** piety under Dithmenos
  5174 | D:7      | Reached skill level 7 in Ranged Weapons
  5364 | D:7      | Found a flagged portal.
  5373 | Bailey   | Entered a bailey
  5442 | Bailey   | Reached XP level 9. HP: 63/72 MP: 9/9
  5588 | Bailey   | Noticed an orc knight
  5610 | Bailey   | Killed an orc knight
  5704 | Bailey   | Reached skill level 8 in Ranged Weapons
  5947 | D:7      | Found a runed translucent gate.
  5947 | D:7      | Found a runed translucent gate.
  5947 | D:7      | Found a runed translucent gate.
  6354 | D:7      | Noticed Pikel
  6470 | D:7      | Killed Pikel
  6569 | D:8      | Identified the +5 plate armour "Pej Tipi" {Str+3}
  6595 | D:8      | Gained mutation: You are mostly covered in thin metallic
                  | scales. (AC +3) [demonic ancestry]
  6595 | D:8      | Reached XP level 10. HP: 69/82 MP: 10/10
  6646 | D:8      | Reached *** piety under Dithmenos
  7256 | D:8      | Gained mutation: You are occasionally teleported next to
                  | monsters. [a neqoxec]
  7263 | D:8      | Reached skill level 9 in Ranged Weapons
  7333 | D:8      | Reached **** piety under Dithmenos
  7427 | D:8      | Found Casheid's Jewellery Shoppe.
  7429 | D:8      | Noticed Gastronok
  7446 | D:8      | Killed Gastronok
  7455 | D:8      | Noticed Prince Ribbit
  7472 | D:8      | Killed Prince Ribbit
  7648 | D:8      | Reached skill level 10 in Fighting
  7661 | D:8      | Found a blossoming altar of Fedhas.
  7857 | D:9      | Found an ornate altar of the Wu Jian Council.
  7900 | D:9      | Gained mutation: You have claws for hands. [demonic
                  | ancestry]
  7900 | D:9      | Reached XP level 11. HP: 38/90 MP: 11/11
  8272 | D:9      | Reached skill level 10 in Ranged Weapons
  8811 | D:9      | Noticed a two-headed ogre
  8825 | D:9      | Killed a two-headed ogre
  8875 | D:10     | Entered Level 10 of the Dungeon
  9259 | D:10     | Found a transporter.
  9261 | D:10     | Noticed a boulder beetle
  9262 | D:10     | Noticed baller8008's ghost (journeyman DECj)
  9264 | D:10     | Found a transporter.
  9325 | D:10     | Reached ***** piety under Dithmenos
  9763 | D:10     | Reached skill level 10 in Dodging
  9844 | D:11     | Noticed Erolcha
  9950 | D:11     | Reached skill level 11 in Ranged Weapons
 10050 | D:11     | Found a staircase to the Lair.
 10188 | Lair:1   | Entered Level 1 of the Lair of Beasts
 10207 | Lair:1   | Reached XP level 12. HP: 89/100 MP: 12/12
 10507 | Lair:1   | Found a transporter.
 10528 | Lair:1   | Found a transporter.
 10533 | Lair:1   | Noticed jr88keys's ghost (journeyman MiFi)
 10537 | Lair:1   | Noticed a rakshasa
 10672 | Lair:1   | Identified the amulet of Kaoxturo {Faith Rampage Drain rC+
                  | rN+}
 10734 | Lair:1   | Found a one-way gate to the infinite horrors of the Abyss.
 10835 | Lair:1   | Noticed a seven-headed hydra
 10840 | Lair:1   | Killed a seven-headed hydra
 11438 | Lair:2   | Noticed Amaemon
 12082 | Lair:3   | Found a staircase to the Swamp.
 12087 | Lair:3   | Reached skill level 1 in Invocations
 12095 | Lair:3   | Noticed Fannar
 12098 | Lair:3   | Reached skill level 1 in Armour
 12121 | Lair:3   | Killed Fannar
 12172 | Lair:3   | Found a hole to the Spider Nest.
 12535 | Lair:4   | Reached ****** piety under Dithmenos
 12667 | Lair:4   | Reached skill level 12 in Ranged Weapons
 12822 | Lair:4   | Noticed a catoblepas
 12824 | Lair:4   | Noticed a death yak
 12841 | Lair:4   | Killed a catoblepas
 12842 | Lair:4   | Reached skill level 5 in Invocations
 12842 | Lair:4   | Reached XP level 13. HP: 109/109 MP: 16/16
 13419 | Lair:4   | Found the +7 Spriggan's Knife {stab, EV+4 Stlth+}
 13589 | Lair:5   | Entered Level 5 of the Lair of Beasts
 13644 | Lair:5   | Found a runed translucent door.
 13644 | Lair:5   | Found a staircase to the Slime Pits.
 13644 | Lair:5   | Noticed an acid blob
 13644 | Lair:5   | Noticed an acid blob
 13644 | Lair:5   | Noticed an acid blob
 13644 | Lair:5   | Noticed an acid blob
 13813 | Lair:5   | Reached skill level 5 in Armour
 14197 | Lair:5   | Reached skill level 13 in Ranged Weapons
 14396 | Lair:5   | Gained mutation: You sometimes gain power by taking damage.
                  | [demonic ancestry]
 14396 | Lair:5   | Reached XP level 14. HP: 119/119 MP: 20/20
 14680 | D:8      | Bought an amulet of guardian spirit for 480 gold pieces
 15431 | D:12     | Found Ozyapiyrr's Assorted Antiques.
 15491 | D:12     | Found a stormy altar of Qazlal.
 15644 | D:12     | Reached skill level 10 in Invocations
 15991 | D:12     | Found a staircase to the Orcish Mines.
 16136 | D:13     | Found a gate leading to a gauntlet.
 16145 | Gauntlet | Entered a Gauntlet
 16145 | Gauntlet | Found a transporter.
 16145 | Gauntlet | Found a runed translucent door.
 16145 | Gauntlet | Found a transporter.
 16145 | Gauntlet | Found a transporter.
 16145 | Gauntlet | Found a runed translucent door.
 16166 | Gauntlet | Found a transporter.
 16179 | Gauntlet | Found a transporter.
 16193 | Gauntlet | Found a transporter.
 16208 | Gauntlet | Found a transporter.
 16216 | Gauntlet | Found a transporter.
 16216 | Gauntlet | Found a transporter.
 16218 | Gauntlet | Found a transporter.
 16224 | Gauntlet | Found a transporter.
 16227 | Gauntlet | Found a transporter.
 16450 | Gauntlet | Identified the ring of Luanub {*Corrode rC+ Will+ Str+7
                  | Slay+3}
 16556 | Gauntlet | Identified the amulet "Guttalua" {Spirit rC+++ rCorr Str+3
                  | Dex-2}
 16557 | Gauntlet | Got Keyrhuer's Incunable of Frozen Lamentation
 16557 | Gauntlet | Got Tublerr's Secrets of Massed Composition
 16557 | Gauntlet | Got the Dissertation on Graupel
 17637 | D:14     | Reached skill level 14 in Ranged Weapons
 17682 | D:14     | Lost mutation: You are occasionally teleported next to
                  | monsters. [potion of mutation]
 17682 | D:14     | Gained mutation: You possess an exceptional clarity of
                  | mind. [potion of mutation]
 17832 | D:14     | Noticed Rupert
 17837 | D:14     | Paralysed by Rupert for 3 turns
 17840 | D:14     | Killed Rupert
 17841 | D:14     | Reached XP level 15. HP: 127/127 MP: 23/23
 18014 | D:14     | Reached skill level 15 in Fighting
 18078 | D:14     | Found Buheoz's Magic Scroll Boutique.
 18143 | D:14     | Bought a scroll of blinking for 105 gold pieces
 18482 | D:14     | Found a gate to the Vaults.
 18577 | D:15     | Entered Level 15 of the Dungeon
 18695 | D:15     | Found Etaijet's Armour Shoppe.
 18761 | D:15     | Identified Roxanne's Papyrus of Teratogeny
 18761 | D:15     | Noticed Roxanne
 18911 | D:15     | Found a staircase to the Depths.
 18971 | D:15     | Found an iron altar of Okawaru.
 19866 | Orc:1    | Entered Level 1 of the Orcish Mines
 19909 | Orc:1    | Found Tuxtiat's Vocational Training.
 20025 | Orc:1    | Paralysed by an ogre mage for 3 turns
 20035 | Orc:1    | Found a dark tunnel.
 20060 | Volcano  | Entered a volcano
 20125 | Abyss:2  | Cast into level 2 of the Abyss (a wizard)
 20145 | Abyss:2  | Noticed a tentacled starspawn
 20149 | Abyss:2  | Killed a tentacled starspawn
 20241 | Abyss:3  | Found a corrupted altar of Lugonu.
 20257 | Abyss:3  | Found a runed translucent gate.
 20257 | Abyss:3  | Found a runed translucent gate.
 20257 | Abyss:3  | Found a runed translucent gate.
 20296 | Abyss:3  | Learned a level 1 spell: Apportation
 20322 | Abyss:3  | Reached skill level 15 in Ranged Weapons
 20338 | Abyss:3  | Noticed a tentacled starspawn
 20347 | Abyss:3  | Killed a tentacled starspawn
 20357 | Abyss:3  | Noticed a nagaraja
 20366 | Abyss:3  | Killed a nagaraja
 20413 | Abyss:3  | Reached skill level 5 in Stealth
 20453 | Abyss:3  | Got an abyssal rune of Zot
 20459 | Volcano  | Escaped the Abyss
 20999 | Orc:1    | Reached XP level 16. HP: 122/136 MP: 25/25
 21057 | Orc:1    | Found Vom Xoawe's Antique Armour Shoppe.
 21266 | Orc:2    | Entered Level 2 of the Orcish Mines
 21320 | Orc:2    | Found a staircase to the Elven Halls.
 21466 | Orc:2    | Noticed Josephine
 21473 | Orc:2    | Killed Josephine
 21492 | Orc:2    | Found a radiant altar of Vehumet.
 21790 | Orc:2    | Found Unaniev's Assorted Antiques.
 21790 | Orc:2    | Found Bareum's General Store.
 21792 | Orc:2    | Found Edaekk's Weapon Boutique.
 21794 | Orc:2    | Found Tehated's Magic Scroll Emporium.
 21798 | Orc:2    | Bought an embroidered scarf for 216 gold pieces
 21798 | Orc:2    | Bought a scroll of teleportation for 81 gold pieces
 21807 | Orc:2    | Bought a scroll of teleportation for 39 gold pieces
 21807 | Orc:2    | Bought 2 scrolls of fear for 104 gold pieces
 21807 | Orc:2    | Bought a scroll of blinking for 97 gold pieces
 21810 | Orc:2    | Bought 2 potions of experience for 1300 gold pieces
 21810 | Orc:2    | Reached XP level 17. HP: 144/144 MP: 26/26
 21811 | Orc:2    | Gained mutation: You are completely covered in thin
                  | metallic scales. (AC +4, rElec) [demonic ancestry]
 21811 | Orc:2    | Reached XP level 18. HP: 151/151 MP: 27/27
 21935 | Elf:1    | Entered Level 1 of the Elven Halls
 22052 | Elf:1    | Paralysed by an air elemental for 1 turns
 22507 | Elf:1    | Got Qimettif's Exposition on Assistive Forces
 22547 | Elf:1    | Reached skill level 16 in Ranged Weapons
 22978 | Elf:2    | Found Joroceoh's Armour Shop.
 23180 | Elf:2    | Identified the +3 war axe "Meetimai" {pain, MP+9 Str+3
                  | Int-3 Dex+8}
 23206 | Elf:2    | Found Goong's Weapon Boutique.
 23322 | Elf:2    | Found Babetoij's Armour Emporium.
 23331 | Elf:2    | Bought a +1 cloak of poison resistance for 189 gold pieces
 23402 | Elf:2    | Found a runed translucent gate.
 23404 | Elf:2    | Found a runed translucent gate.
 23409 | Elf:2    | Found a runed translucent gate.
 23466 | Elf:2    | Found Ulangiunism's Jewellery Shop.
 23466 | Elf:2    | Found Hykkoide's Book Emporium.
 23469 | Elf:2    | Found Tiepauga's Jewellery Shop.
 23521 | Elf:2    | Found Xusip's Book Emporium.
 23602 | Elf:2    | Found Diemn's Magic Scroll Shoppe.
 23726 | Elf:3    | Entered Level 3 of the Elven Halls
 23939 | Swamp:1  | Entered Level 1 of the Swamp
 24171 | Swamp:1  | You fall into a shaft and drop 1 floor!
 24185 | Swamp:2  | Reached skill level 15 in Dodging
 24188 | Swamp:2  | Gained mutation: A meltable icy envelope protects you from
                  | harm. (AC +8) [demonic ancestry]
 24188 | Swamp:2  | Reached XP level 19. HP: 161/161 MP: 28/28
 24717 | Swamp:1  | Reached skill level 17 in Ranged Weapons
 25211 | Swamp:2  | Identified the +2 morningstar of Dismay {antimagic, rPois
                  | rCorr}
 25490 | Swamp:3  | Identified the +6 war axe "Ypisiq" {protect, rPois Str+3}
 25517 | Swamp:3  | Found a runed translucent gate.
 25517 | Swamp:3  | Found a runed translucent gate.
 25517 | Swamp:3  | Found a runed translucent gate.
 25520 | Swamp:3  | Noticed Naurph's ghost (adept DjVM)
 25879 | Swamp:4  | Entered Level 4 of the Swamp
 26723 | Swamp:4  | Got a decaying rune of Zot
 26803 | Spider:1 | Entered Level 1 of the Spider Nest
 27007 | Spider:1 | Noticed Azrael
 27026 | Spider:1 | Killed Azrael
 27782 | Spider:1 | Reached skill level 18 in Ranged Weapons
 27828 | Spider:2 | Noticed Agnes
 27834 | Spider:1 | Killed Agnes
 27891 | Spider:2 | Gained mutation: Your hexes are more powerful. [demonic
                  | ancestry]
 27891 | Spider:2 | Reached XP level 20. HP: 172/172 MP: 29/29
 28074 | Spider:2 | Noticed Jorgrun
 28091 | Spider:2 | Killed Jorgrun
 28740 | Spider:3 | Found a frozen archway.
 28749 | IceCv    | Entered an ice cave
 28935 | IceCv    | Identified the +1 ice dragon scales "Suetymo" {rF- rC++
                  | Will++}
 28940 | IceCv    | Got the Omnibus of the Glacier
 28957 | IceCv    | Identified the ring "Wousum" {rCorr MP+9 Int+3}
 29059 | IceCv    | Identified the +3 battleaxe of the Dozen Beds {pain, Int+2}
 29187 | Spider:3 | Reached skill level 10 in Armour
 29415 | Spider:4 | Entered Level 4 of the Spider Nest
 30223 | Spider:4 | Got a gossamer rune of Zot
 31404 | Orc:1    | Bought a manual of Evocations for 1040 gold pieces
 31575 | Elf:3    | Reached skill level 1 in Evocations
 31996 | Elf:3    | Reached skill level 19 in Ranged Weapons
 32090 | Elf:3    | Noticed Mara
 32139 | Elf:3    | Killed Mara
 32140 | Elf:3    | Reached skill level 5 in Evocations
 32140 | Elf:3    | Reached XP level 21. HP: 140/183 MP: 30/30
 32314 | Elf:3    | Identified the ring of Egomania {Fly rN+ rCorr Dex+3}
 32587 | Elf:3    | Found the +12 glaive of Prune {freeze, Prune}
 32640 | Elf:3    | Identified the ring of Day {rElec rCorr Str+6 Dex+4}
 32663 | Elf:3    | Got the Elucidation of Hazy Fire
 32670 | Elf:3    | Identified the ring of the Scavenger {rF+ EV+5}
 32680 | Elf:3    | Identified the ring "Qes Elau" {rElec rN+ rCorr Dex-5}
 32930 | Vaults:1 | Entered Level 1 of the Vaults
 32967 | Vaults:1 | Paralysed by a great orb of eyes for 2 turns
 33581 | Vaults:1 | Reached skill level 10 in Evocations
 33853 | Vaults:1 | Found Genlecen's Assorted Antiques.
 33928 | Vaults:1 | Bought a scroll of blinking for 225 gold pieces
 34150 | D:14     | Bought a scroll of brand weapon for 133 gold pieces
 34427 | Vaults:2 | Found a staircase to the Crypt.
 34427 | Vaults:2 | Found a basalt altar of Yredelemnul.
 34428 | Vaults:2 | Found an ancient bone altar of Kikubaaqudgha.
 34447 | Vaults:2 | Reached skill level 20 in Ranged Weapons
 34825 | Vaults:2 | Gained mutation: You are powered by pain. [demonic
                  | ancestry]
 34825 | Vaults:2 | Reached XP level 22. HP: 174/190 MP: 28/31
 34972 | Vaults:2 | Noticed Boris
 34997 | Vaults:2 | Killed Boris
 35594 | Vaults:3 | Paralysed by a great orb of eyes for 3 turns
 35856 | Vaults:3 | Reached skill level 21 in Ranged Weapons
 35918 | Vaults:3 | Reached skill level 15 in Evocations
 36221 | Vaults:3 | You fall into a shaft and drop 1 floor!
 36358 | Vaults:4 | Noticed Zenata
 36383 | Vaults:4 | Killed Zenata
 36609 | Vaults:4 | Found a runed translucent gate.
 36609 | Vaults:4 | Found a runed translucent gate.
 36609 | Vaults:4 | Found a runed translucent gate.
 36611 | Vaults:4 | Noticed Lobster4's ghost (adept HOFi)
 37933 | Depths:1 | Entered Level 1 of the Depths
 37937 | Depths:1 | Noticed Boris
 37946 | Depths:1 | Noticed Saint Roka
 37959 | Depths:1 | Killed Boris
 37964 | Depths:1 | Killed Saint Roka
 37969 | Depths:1 | Noticed Bai Suzhen
 37982 | Depths:1 | Reached XP level 23. HP: 159/196 MP: 26/32
 37990 | Depths:1 | Killed Bai Suzhen
 38080 | Depths:1 | Found a gateway to Hell.
 38483 | Depths:1 | Found a burning altar of Makhleb.
 38495 | Depths:1 | Reached skill level 22 in Ranged Weapons
 38950 | Depths:2 | Found a one-way gateway to a ziggurat.
 38998 | Depths:2 | Found a shadowy altar of Dithmenos.
 39104 | Depths:2 | You fall into a shaft and drop 1 floor!
 39126 | Depths:3 | Noticed a caustic shrike
 39131 | Depths:3 | Killed a caustic shrike
 39226 | Depths:3 | Noticed a caustic shrike
 39236 | Depths:3 | Killed a caustic shrike
 39548 | Depths:3 | Found a radiant altar of Vehumet.
 40248 | Depths:4 | Entered Level 4 of the Depths
 40291 | Depths:4 | Found a magical portal.
 40296 | WizLab   | Entered The Hall of the Hellbinder
 40337 | WizLab   | Gained mutation: You are dopey. (Int -2) [a cacodemon]
 40547 | WizLab   | Identified the +1 lajatang of Zoduzoob {vamp, rElec rN+
                  | Dex-5}
 40547 | WizLab   | Noticed Eteogell
 40677 | WizLab   | Found a burning altar of Makhleb.
 40687 | WizLab   | Killed Eteogell the Hellbinder
 40730 | WizLab   | Identified the +1 cloak of Distant Shores {Rampage rElec
                  | Regen+ Dex+3}
 40767 | WizLab   | Got Jeefaphu's Directory of Mutualism
 41172 | Depths:4 | Noticed Boris
 41199 | Depths:4 | Killed Boris
 41218 | Depths:4 | Found a gate to the Realm of Zot.
 41261 | Depths:4 | Reached XP level 24. HP: 204/204 MP: 32/32
 41878 | Zot:1    | Entered Level 1 of the Realm of Zot
 42012 | Zot:1    | Identified the amulet of Koqaubit {RegenMP Dex+3}
 42112 | Zot:1    | Noticed an orb of fire
 42120 | Zot:1    | Gained mutation: You are frail. (-10% HP) [an orb of fire]
 42121 | Zot:1    | Gained mutation: You are very dopey. (Int -4) [an orb of
                  | fire]
 42129 | Zot:1    | Lost mutation: You are very dopey. (Int -4) [potion of
                  | mutation]
 42129 | Zot:1    | Lost mutation: You possess an exceptional clarity of mind.
                  | [potion of mutation]
 42129 | Zot:1    | Lost mutation: You are frail. (-10% HP) [potion of
                  | mutation]
 42129 | Zot:1    | Gained mutation: You have hidden genetic defects. [potion
                  | of mutation]
 42129 | Zot:1    | Gained mutation: You expend magic power (3 MP) to
                  | strengthen your wands. [potion of mutation]
 42129 | Zot:1    | Gained mutation: Your spells are a little harder to cast,
                  | but a little more powerful. [potion of mutation]
 42130 | Zot:1    | Lost mutation: You expend magic power (3 MP) to strengthen
                  | your wands. [potion of mutation]
 42130 | Zot:1    | Lost mutation: Your spells are a little harder to cast, but
                  | a little more powerful. [potion of mutation]
 42130 | Zot:1    | Lost mutation: You have hidden genetic defects. [potion of
                  | mutation]
 42130 | Zot:1    | Lost mutation: You are dopey. (Int -2) [potion of mutation]
 42316 | Zot:1    | Noticed an orb of fire
 42318 | Zot:1    | Gained mutation: You have hidden genetic defects. [an orb
                  | of fire]
 42338 | Zot:1    | Killed an orb of fire
 42350 | Zot:1    | You fall into a shaft and drop 1 floor!
 42351 | Zot:2    | Lost mutation: You have hidden genetic defects. [potion of
                  | mutation]
 42351 | Zot:2    | Gained mutation: Your flesh is cold resistant. (rC+)
                  | [potion of mutation]
 42351 | Zot:2    | Gained mutation: You have large cloven feet. [potion of
                  | mutation]
 42351 | Zot:2    | Gained mutation: Your system is resistant to poisons.
                  | (rPois) [potion of mutation]
 42780 | Zot:2    | Noticed a Killer Klown
 42794 | Zot:2    | Killed a Killer Klown
 43344 | Zot:1    | Killed an orb of fire
 43531 | Zot:1    | Identified the +2 ring mail "Xugetsec" {*Slow rElec rC+
                  | Will+}
 43563 | Zot:1    | Noticed an orb of fire
 43571 | Zot:1    | Killed an orb of fire
 44209 | Zot:3    | Noticed an orb of fire
 44210 | Zot:3    | Gained mutation: You occasionally lose the ability to read
                  | scrolls when taking damage. [an orb of fire]
 44337 | Zot:2    | Gained mutation: Your melee attacks may debilitate your
                  | foes. [demonic ancestry]
 44337 | Zot:2    | Reached XP level 25. HP: 202/212 MP: 30/32
 44363 | Zot:3    | Killed an orb of fire
 44555 | Zot:3    | Noticed Vv
 44569 | Zot:3    | Killed Vv
 44646 | Zot:3    | Identified the +1 storm dragon scales of the Cockatrice
                  | {rElec Regen+}
 45487 | Zot:5    | Entered Level 5 of the Realm of Zot
 45504 | Zot:5    | Noticed a Killer Klown
 45504 | Zot:5    | Noticed an orb of fire
 45509 | Zot:5    | Got the Orb of Zot
 45510 | Zot:5    | Noticed an orb of fire
 45931 | D:8      | Noticed Xuchey the pandemonium lord
 46073 | D:$      | Escaped with the Orb!

Illustrated notes

Levels and vault maps discovered:
D:1:      dpeg_arrival_simpleton_c, layout_basic
D:2:      layout_basic
D:3:      layout_loops_cross, uniq_robin, uniq_grinder
D:4:      layout_loops_corners, lemuel_round_altar,
          grunt_temple_overflow_diamond, gammafunk_temple_overflow_wave,
          uniq_eustachio
D:5:      layout_basic, temple_hall
D:6:      lemuel_ice_spiral_2, layout_basic, lemuel_tele_altar,
          nicolae_gozag_zags_fifth_avenue, minmay_alternating_orb
D:7:      layout_cave_pods, mainiacjoe_overflow_paths, serial_shops, shop,
          gammafunk_ghost_icy, enter_bailey_2, chequers_serial_rivers_micro_a,
          uniq_pikel
D:8:      layout_cave_pools, mainiacjoe_overflow_brackets, special_room
          [special_room_kobold], serial_shops, shop, roderic_batcave,
          small_chamber_with_monster, kennysheep_flooded_box,
          kennysheep_generic_room_14, uniq_gastronok, uniq_prince_ribbit1
D:9:      layout_loops_ring, pdpol_wu_jian_five_deadly_venoms
D:10:     layout_long_grid, gammafunk_ghost_arena, grunt_ministairs_9
D:11:     layout_rooms, grunt_lair_entry_orc_guard_hut, nicolae_titane,
          uniq_erolcha
D:12:     layout_cave_pools, david_orc_5, serial_shops,
          nicolae_shop_overgrown_old_shop, grunt_qazlal_clouds
D:13:     layout_stronghold, gauntlet_entry_generic
D:14:     minmay_dotted_concentric_squares, layout_gridville,
          grunt_vaults_entry_fortified, serial_shops, nicolae_shop_statue_plus,
          minivault_16, disabler_island, uniq_rupert
D:15:     hangedman_depths_entry_try_elsewhere_first, layout_stronghold,
          okawaru_ov_weapons_minmay, serial_shops, nicolae_shop_stone,
          uniq_roxanne
Lair:1:   cheibrodos_lair_river_kwai, layout_misc_corridors,
          gammafunk_ghost_abyssal_escape, infiniplex_staircase_pool,
          serial_bayou_shore_b
Lair:2:   layout_roguey, lemuel_fruit_fields, grunt_megastairs_4, uniq_amaemon
Lair:3:   layout_roguey, swamp_mist, spider_nest_entry_webs,
          infiniplex_staircase_pool_2, uniq_fannar
Lair:4:   layout_long_grid, nzn_random_ring
Lair:5:   minmay_lair_end_enchanted_forest, layout_concentric_octagons,
          slime_entry_2
Swamp:1:  layout_falls_marsh, evilmike_swamp_ruin_rubble_2, swamp_pool1,
          nicolae_swamp_no_escape
Swamp:2:  layout_basic_swamp, evilmike_swamp_ruin_rubble_1
Swamp:3:  layout_basic_swamp, gammafunk_ghost_hydra_chop,
          evilmike_swamp_ruin_house_1
Swamp:4:  swamp_fiery, layout_basic_swamp
Spider:1: layout_spider_delve, guppyfry_hornet_nest, uniq_azrael
Spider:2: layout_spider_delve, uniq_jorgrun, uniq_agnes
Spider:3: layout_spider_delve, portal_ice_cave_entry_pillars_three, hive_lemuel
Spider:4: grunt_spider_rune_parallel, hellmonk_narrow_tunnel
Orc:1:    layout_diamond_mine, serial_shops, shop,
          nicolae_volcano_entry_vermiform, nicolae_shop_vocational
Orc:2:    st_orc_rangers, layout_diamond_mine, basic_altar, lightli_orcish_oven,
          uniq_josephine
Elf:1:    elf_arrival_002, layout_geoelf_grid, minmay_elf_sorcery,
          hangedman_decor_cross_pass
Elf:2:    nicolae_elf_blades_splatter_lattice
          [nicolae_vaults_blade_armed_guards], layout_geoelf_grid, serial_shops,
          shop, shop_statue, nicolae_shop_behind_doors, nicolae_shop_crystal,
          nicolae_shop_stone, feat_on_display, minmay_shop_grove
Elf:3:    elf_hall, layout_gridlike, grunt_megastairs_1, uniq_mara
Vaults:1: nicolae_vaults_rhombus_7, nicolae_vaults_little_squares_5,
          vaults_dpeg_hooks, v_misc_8, nicolae_vaults_big_angled_halls,
          nicolae_vaults_border_crossing, ontoclasm_vaults_gallery,
          grunt_vaults_focal, ontoclasm_vaults_chip, v_misc_10,
          layout_vaults_maze_snakey, serial_shops, shop
Vaults:2: minmay_crypt_entry_necro_gods, vaults_room_hangedman_quadrants,
          vaults_dpeg_emergency_exit, vaults_room_ringed_pool, v_alt_pattern_2,
          hangedman_vaults_nodes, nicolae_vaults_circle_grid_b,
          vaults_dpeg_diagonal, hangedman_vaults_snaps, v_misc_9,
          layout_vaults_omnibox, uniq_boris
Vaults:3: v_misc_16, v_misc_22, nicolae_vaults_network_periphery,
          vaults_room_guarded_vault, v_misc_12,
          nicolae_vaults_stairing_the_circle, hangedman_vaults_stitches,
          nicolae_vaults_network_star, nicolae_vaults_theta,
          grunt_vaults_twisty, ontoclasm_vaults_idyll, vaults_mumra_chevron,
          layout_vaults_ring, serial_shops, nicolae_shop_hallway_stairs,
          uniq_jory
Vaults:4: gammafunk_ghost_necromancy, ontoclasm_vaults_gateway,
          nicolae_vaults_minivaults, nicolae_vaults_little_squares_4,
          v_pattern_4, v_misc_8, hangedman_vaults_stretched_pinwheel,
          nicolae_vaults_big_ls, ontoclasm_vaults_chip, v_misc_2,
          nicolae_vaults_specimen_jars, layout_vaults_chaotic_city, uniq_zenata
Depths:1: layout_gridlike, hangedman_decor_peaks_small, hell_entry,
          grunt_guarded_unrand_obsidian_axe, uniq_bai_suzhen, uniq_saint_roka
Depths:2: kennysheep_blocky_room, layout_long_grid, enter_ziggurat_f,
          grunt_hell_horde, tso_metal_star, pan_entry,
          nicolae_dithmenos_through_a_glass_darkly
Depths:3: minmay_concentric_multi, layout_cave_shapes, abyss_entry_crystal,
          nicolae_vehumet_radiance, hell_entry
Depths:4: grunt_crosshair, layout_gridlike, infiniplex_enter_wizlab_spiral,
          abyss_entry, serial_glass, glass_columns_c, glass_columns_a,
          hellmouth_1, infiniplex_staircase_pool_lava
Zot:1:    layout_cathedral_of_symmetry, grunt_megastairs_2
Zot:2:    layout_gridlike, st_stairs_12
Zot:3:    lemuel_draconian_sentries_small, layout_onion_interference,
          st_stairs_8, uniq_vv
Zot:4:    layout_twisted_circle
Zot:5:    layout_basic, nicolae_transporter_intersection

Skill      XL: |  1  2  3  4  5  6  7  8  9 10 11 12 13 14 15 16 17 18 19 20 21 22 23 24 25 |
---------------+----------------------------------------------------------------------------+-----
Stealth        | 1 2 3 4 5 7 8 |  8.1
Ranged Weapons | 4 5 7 8 9 11 12 13 14 15 16 18 19 20 21 22 | 22.0
Fighting       | 3 4 5 7 8 10 11 12 13 14 15 16 17 18 20 21 | 21.4
Dodging        | 2 4 5 7 8 10 11 13 15 17 19 20 | 20.5
Invocations    | 5 8 11 12 | 12.8
Armour         | 3 6 9 11 12 | 12.8
Evocations     | 5 13 16 18 20 | 20.2

Action                     |  1- 3 |  4- 6 |  7- 9 | 10-12 | 13-15 | 16-18 | 19-21 | 22-24 | 25-27 || total
---------------------------+-------+-------+-------+-------+-------+-------+-------+-------+-------++-------
   Fire: Shortbow          |   119 |    99 |   388 |   812 |   512 |       |       |       |       ||  1930
         Longbow           |       |       |       |       |   691 |   608 |  1969 |  2162 |   241 ||  5671
         Hand crossbow     |       |       |       |       |       |       |    20 |       |       ||    20
   Cast: Apportation       |       |       |       |       |     2 |       |       |       |       ||     2
 Invoke: Shadow Form       |       |       |       |       |       |       |     2 |     1 |     2 ||     5
  Evoke: Wand              |       |       |     9 |     2 |       |       |     7 |     4 |     1 ||    23
         Condenser vane    |       |       |       |       |       |     2 |     5 |     3 |       ||    10
         Tin of tremorston |       |       |       |       |       |       |     2 |    10 |       ||    12
         Phial of floods   |       |       |       |       |       |       |       |     1 |       ||     1
         Phantom mirror    |       |       |       |       |       |       |       |       |     1 ||     1
    Use: Scroll            |     2 |       |    15 |    13 |    19 |     1 |     5 |     3 |     3 ||    61
         Potion            |       |       |       |     1 |     7 |     2 |     5 |     7 |     3 ||    25
 Armour: Leather armour    |    20 |    21 |    80 |   146 |       |       |       |       |       ||   267
         Troll leather arm |       |       |       |    88 |   322 |    74 |   455 |   228 |    34 ||  1201
  Dodge: Dodged            |    43 |    22 |   200 |   810 |  1038 |   262 |  2238 |  1222 |   228 ||  6063
  Block: Other             |    12 |    10 |    50 |   144 |   177 |    31 |   244 |    83 |    21 ||   772

Table legend: (Time is in decaauts)
 A = Elapsed time spent in this place.
 B = Non-inter-level travel time spent in this place.
 C = Inter-level travel time spent in this place.
 D = Time resting spent in this place.
 E = Time spent auto-exploring this place.
 F = Levels seen in this place.
 G = Mean time per level.
                   A        B        C        D        E       F      G
               +--------+--------+--------+--------+--------+-----+--------+
         Total |  45714 |  41044 |   4670 |    615 |  30080 |  53 |  862.5 |
       Dungeon |  15358 |  13408 |   1950 |    227 |  10222 |  15 | 1023.9 |
          Lair |   5527 |   4745 |    782 |    121 |   3365 |   5 | 1105.4 |
         Swamp |   3058 |   2718 |    340 |      0 |   2032 |   4 |  764.5 |
   Spider Nest |   3324 |   3106 |    218 |      0 |   2313 |   4 |  831.0 |
  Orcish Mines |   1642 |   1356 |    286 |     32 |    878 |   2 |  821.0 |
   Elven Halls |   3221 |   2757 |    464 |      9 |   2034 |   3 | 1073.7 |
        Vaults |   4323 |   4094 |    229 |     22 |   3128 |   4 | 1080.8 |
        Depths |   3270 |   3070 |    200 |     55 |   2274 |   4 |  817.5 |
           Zot |   3496 |   3299 |    197 |     72 |   2368 |   5 |  699.2 |
         Abyss |    327 |    327 |      0 |     43 |    121 |   2 |  163.5 |
        Bailey |    495 |    495 |      0 |      0 |    296 |   1 |  495.0 |
      Ice Cave |    364 |    364 |      0 |      4 |    189 |   1 |  364.0 |
       Volcano |    333 |    333 |      0 |     28 |    246 |   1 |  333.0 |
        Wizlab |    475 |    475 |      0 |      0 |    317 |   1 |  475.0 |
      Gauntlet |    494 |    494 |      0 |      0 |    295 |   1 |  494.0 |
               +--------+--------+--------+--------+--------+-----+--------+

Top non-repeatable levels by time:
  Lair:5: 1537 daAuts
Vaults:4: 1489 daAuts
    D:14: 1482 daAuts
    D:15: 1376 daAuts
     D:7: 1369 daAuts
   Elf:3: 1234 daAuts
   Zot:1: 1225 daAuts
  Lair:4: 1216 daAuts
     D:9: 1201 daAuts
   Elf:1: 1152 daAuts
     D:4: 1143 daAuts
Spider:4: 1128 daAuts
Vaults:1: 1090 daAuts
Depths:3: 1089 daAuts
   Zot:2: 1073 daAuts
